 Dungeon Crawl Stone Soup version 0.15-a0-812-gf5d8342 (webtiles) character file.

144 Golfball the Cudgeler (level 5, -16/47 HPs)
             Began as a Minotaur Berserker on May 14, 2014.
             Was a Believer of Trog.
             Demolished by an ogre
             ... wielding a +0,+0 giant club
              (21 damage)
             ... on Level 4 of the Dungeon.
             The game lasted 00:13:01 (2340 turns).

Golfball the Cudgeler (Minotaur Berserker)          Turns: 2340, Time: 00:13:01

HP -16/47        AC  9     Str 21      XL: 5   Next:  5%
MP   2/2         EV  7     Int  5      God: Trog [**....]
Gold 200         SH  0     Dex 10      Spells:  0 memorised,  4 levels left

rFire  . . .     SeeInvis .     m - +0,+1 hand axe
rCold  . . .     Clarity  .     b - +0 chain mail
rNeg   . . .     Conserve .     (no shield)
rPois  .         rCorr    .     (helmet restricted)
rElec  .         rRot     .     (no cloak)
SustAb . .       Spirit   .     (no gloves)
rMut   .         Warding  .     (no boots)
Gourm  .         Stasis   .     (no amulet)
MR     +....                    (no ring)
                                y - ring of protection from magic

@: somewhat resistant to hostile enchantments, extremely unstealthy
A: retaliatory headbutt, horns 2
a: Burn Spellbooks, Berserk, Trog's Hand, Renounce Religion


You were on level 4 of the Dungeon.
You worshipped Trog.
Trog was pleased with you.
You were not hungry.

You visited 1 branch of the dungeon, and saw 4 of its levels.

You collected 200 gold pieces.

Inventory:

Hand weapons
 a - a +0,+0 mace
 g - a +0,+0 spear
 m - a +0,+1 hand axe (weapon)
Missiles
 r - 14 darts of dispersal (quivered)
Armour
 b - a +0 chain mail (worn)
Comestibles
 c - a bread ration
 f - an apple
 j - a royal jelly
 l - 2 rotting chunks of jackal flesh
 u - a pear
Scrolls
 e - a scroll of recharging
 k - a scroll of teleportation
 o - a scroll of remove curse
 p - a scroll of identify
 q - 2 scrolls of fear
 t - a scroll of blinking {unknown}
 v - a scroll of magic mapping {unknown}
 w - a scroll of random uselessness {unknown}
Jewellery
 y - a ring of protection from magic (left hand)
Potions
 d - 3 potions of curing {unknown}
 h - a potion of invisibility {unknown}
 i - a potion of confusion {unknown}
 n - a potion of restore abilities {unknown}
 s - 2 potions of brilliance {unknown}
 x - a potion of magic {unknown}


   Skills:
 + Level 4.7 Fighting
 * Level 1.3 Axes
 + Level 4.8 Maces & Flails
 * Level 1.2 Polearms
 + Level 2.8 Armour
 + Level 3.5 Dodging
 + Level 0.1 Stealth


You had 4 spell levels left.
You didn't know any spells.

Dungeon Overview and Level Annotations

Branches:
Dungeon (4/15)
 Temple: D:4-7

Altars:
Elyvilon
The Shining One


Innate Abilities, Weirdness & Mutations

You reflexively headbutt those who attack you in melee.
You have a pair of horns on your head.


Message History

The ogre is severely wounded.
You hit the worker ant but do no damage.
You hit the hound.
The hound is severely wounded.
You hit the orc.
You kill the orc!
Trog accepts your kill. The hound closely misses you.
The worker ant closely misses you. The hound closely misses you.
You furiously retaliate!
You headbutt the hound. The ogre hits you with a giant club!
* * * LOW HITPOINT WARNING * * *
You hit the ogre.
The ogre is almost dead.
You hit the worker ant.
The worker ant is lightly wounded.
You closely miss the hound.
The hound is almost dead.
The hound bites you but does no damage. The worker ant misses you.
The hound barely misses you. The ogre hits you with a giant club!
You die...

... .........
...........
.............
...............
...............
...............
........)h.......
........@ag..o...
.........(O.......
...................
.........(.........
....................
.........).........
...................
.......<<<.........
##################


You could see an ogre, a hound, a worker ant, an orc wizard and a goblin.

Vanquished Creatures
  An iguana (D:3)
  Ijyb (D:2)
  4 adders
  A worm (D:3)
  An orc (D:4)
  2 ball pythons
  4 giant cockroaches
  7 goblins
  9 hobgoblins
  6 jackals
  9 bats
  9 kobolds
  2 rats (D:3)
56 creatures vanquished.

Notes
Turn   | Place    | Note
--------------------------------------------------------------
     0 | D:1      | Golfball, the Minotaur Berserker, began the quest for the Orb.
     0 | D:1      | Reached XP level 1. HP: 19/19 MP: 1/1
   368 | D:1      | Reached XP level 2. HP: 20/27 MP: 1/1
   381 | D:1      | Reached skill level 4 in Maces & Flails
   866 | D:2      | Acquired Trog's second power
   866 | D:2      | Reached XP level 3. HP: 19/33 MP: 2/2
  1094 | D:2      | Noticed Ijyb
  1102 | D:2      | Killed Ijyb
  1233 | D:2      | Reached XP level 4. HP: 38/41 MP: 2/2
  1438 | D:3      | Found a white marble altar of Elyvilon.
  1466 | D:3      | Reached skill level 1 in Axes
  2034 | D:3      | Found a glowing golden altar of the Shining One.
  2162 | D:3      | Reached skill level 1 in Polearms
  2162 | D:3      | Reached XP level 5. HP: 47/47 MP: 2/2
  2328 | D:4      | Noticed an ogre
  2340 | D:4      | Demolished by an ogre

Action                   |  1- 3 |  4- 6 || total
-------------------------+-------+-------++-------
Melee: Mace              |    47 |       ||    47
       Hand axe          |    24 |    78 ||   102
  Use: Scroll            |     7 |       ||     7
